 Dungeon Crawl Stone Soup version 0.30.1 (webtiles) character file.

Game seed: 249648915490956955

335 Karasuuu the Grave Robber (level 6, -12/41 HPs)
             Began as a Mummy Necromancer on July 2, 2023.
             Mangled by a troll (15 damage)
             ... on level 5 of the Dungeon.
             The game lasted 00:22:33 (3991 turns).

Karasuuu the Grave Robber (Mummy Necromancer)       Turns: 3991, Time: 00:22:34

Health: -12/41     AC:  4    Str: 11    XL:     6   Next: 28%
Magic:  0/13       EV: 12    Int: 17    God:
Gold:   377        SH:  0    Dex: 12    Spells: 10/14 levels left

rFire   x . .        j - +0 dagger (venom)
rCold   + . .        (no shield)
rNeg    + + +        a - +0 robe
rPois   ∞            o - +0 helmet
rElec   .            (no cloak)
rCorr   .            m - +0 pair of gloves
SInv    .            (no boots)
Will    .....        (no amulet)
Stlth   ++           (no ring)
HPRegen 0.26/turn    (no ring)
MPRegen 0.13/turn

%: faith
@: no status effects
A: cold resistance 1, negative energy resistance 3, torment resistance 2, heat
vulnerability 1, in touch with death 1, no potions, faith
a: no special abilities


You were on level 5 of the Dungeon.
You visited 1 branch of the dungeon, and saw 5 of its levels.

You collected 377 gold pieces.

Inventory:

Hand Weapons
 j - a +0 dagger of venom (weapon)
 k - a +0 dire flail
Armour
 a - a +0 robe (worn)
 m - a +0 pair of gloves (worn)
 o - a +0 helmet (worn)
Magical Staves
 i - a staff of earth
Wands
 n - a wand of polymorph (11)
 q - a wand of roots (1)
Scrolls
 b - 3 scrolls of fear {unknown}
 c - a scroll of amnesia {unknown}
 d - a scroll of magic mapping {unknown}
 e - 4 scrolls of identify {unknown}
 f - 3 scrolls of fog {unknown}
 g - a scroll of teleportation {unknown}
 h - 2 scrolls of blinking {unknown}
 l - a scroll of poison {unknown}
 p - a scroll of noise {unknown}
 r - a scroll of acquirement {unknown}


   Skills:
 + Level 3.0 Dodging
 - Level 1.5 Stealth
 + Level 4.7 Spellcasting
 * Level 6.0 Necromancy


You had 10 spell levels left.
You knew the following spells:

 Your Spells              Type           Power      Damage    Failure   Level
a - Necrotise             Necr           100%       1d9       1%          1
b - Vampiric Draining     Necr           37%        2d8       3%          3

Your spell library contained the following spells:

 Spells                   Type           Power      Damage    Failure   Level
 Animate Dead             Necr           37%        N/A       12%         4
 Agony                    Necr           37%        N/A       32%         5
 Stone Arrow              Conj/Erth      8%         3d7       41%         3
 Animate Armour           Summ/Erth      8%         N/A       82%         4
 Lehudib's Crystal Spear  Conj/Erth      2%         10d2      100%        8


Dungeon Overview and Level Annotations

Branches:
Dungeon (5/15)
 Temple: D:4-7

Altars:
Nemelex Xobeh
Xom
Lugonu

Shops:
D:2 [   D:3 :   D:5 ((

Portals:
Abyss: D:4


Innate Abilities, Weirdness & Mutations

You are immune to poison.
Your flesh is cold resistant. (rC+)
You are immune to negative energy. (rN+++)
You are immune to unholy pain and torment.
You are vulnerable to heat. (rF-)
You are in touch with the powers of death.
You do not drink.
You have a special connection with the divine. (Faith)


Message History

You feel a surge of power!
The troll writhes in agony.
Casting: Necrotise (safe; 1% risk of failure)
Confirm with . or Enter, or press ? or * to list all spells.
Aiming: Necrotise (safe; 1% risk of failure)
Press: ? - help, Shift-Dir - straight line, f/p - troll
Aim: a troll (lightly wounded, chance to affect: 83%)
You feel a surge of power!
The troll writhes in agony.
Casting: Necrotise (safe; 1% risk of failure)
Confirm with . or Enter, or press ? or * to list all spells.
Aiming: Necrotise (safe; 1% risk of failure)
Press: ? - help, Shift-Dir - straight line, f/p - troll
Aim: a troll (lightly wounded, chance to affect: 83%)
You feel a surge of power!
The troll writhes in agony.
Casting: Necrotise (safe; 1% risk of failure)
Confirm with . or Enter, or press ? or * to list all spells.
Aiming: Vampiric Draining (dangerous; 3% risk of failure)
Press: ? - help, Shift-Dir - straight line, f/p - troll
Aim: a troll (moderately wounded)
You feel a surge of power!
You draw life force from the troll.
The troll bites you! The troll claws you! x2
Casting: Vampiric Draining (dangerous; 3% risk of failure)
Confirm with . or Enter, or press ? or * to list all spells.
You don't know that spell.
Casting: Vampiric Draining (dangerous; 3% risk of failure)
Confirm with . or Enter, or press ? or * to list all spells.
Aiming: Vampiric Draining (dangerous; 3% risk of failure)
Press: ? - help, Shift-Dir - straight line, f/p - troll
Aim: a troll (moderately wounded)
You feel a surge of power!
You draw life force from the troll.
You feel life coursing into your body. The troll bites you!
* * * LOW HITPOINT WARNING * * *
The troll completely misses you. The troll barely misses you.
Casting: Vampiric Draining (dangerous; 3% risk of failure)
Confirm with . or Enter, or press ? or * to list all spells.
Aiming: Vampiric Draining (dangerous; 3% risk of failure)
Press: ? - help, Shift-Dir - straight line, f/p - troll
Aim: a troll (heavily wounded)
You feel a surge of power!
You draw life force from the troll.
You feel life coursing into your body. The troll bites you!
You die...

.... #.....#
#.....# #.....#
#.....# #####.....#
..........# .
..........# .
......T@..# .
.....##'### # #####
... #...#
###...#########...#
.#................#
.#................#
.'................#
.#................#
.#................#


You could see a troll.

Vanquished Creatures
  An orc warrior (D:5)
  2 hounds (D:4)
  Jessica (D:3)
  2 adders
  An ufetubus (D:5)
  2 dart slugs
  2 orcs
  4 ball pythons
  2 endoplasms
  A giant cockroach (D:1)
  7 goblins
  8 hobgoblins
  3 jackals (D:3)
  A quokka (D:2)
  4 bats
  3 frilled lizards
  10 kobolds
  6 rats
  A lurking horror (D:4)
61 creatures vanquished.

Vanquished Creatures (collateral kills)
  A kobold brigand (D:5)
  A ball python (D:2)
2 creatures vanquished.

Vanquished Creatures (others)
  A butterfly (D:3)
  A lurking horror (D:4)
2 creatures vanquished.

Grand Total: 65 creatures vanquished

Notes
Turn   | Place    | Note
-------+----------+-------------------------------------------
     0 | D:1      | Karasuuu the Mummy Necromancer began the quest for the Orb.
     0 | D:1      | Reached XP level 1. HP: 13/13 MP: 4/4
   198 | D:1      | Reached XP level 2. HP: 19/19 MP: 1/5
  1121 | D:2      | Gained mutation: You are in touch with the powers of death.
                  | [Mummy growth]
  1121 | D:2      | Reached XP level 3. HP: 24/24 MP: 7/7
  1240 | D:2      | Found Cuolo's Antique Armour Shoppe.
  1249 | D:2      | Found a shimmering altar of Xom.
  1706 | D:3      | Found Ypockebi's Book Emporium.
  2006 | D:3      | Noticed Jessica
  2018 | D:3      | Killed Jessica
  2019 | D:3      | Reached skill level 5 in Necromancy
  2019 | D:3      | Reached XP level 4. HP: 30/30 MP: 6/9
  2465 | D:3      | Found a faded altar of an unknown god.
  2814 | D:4      | Reached XP level 5. HP: 35/35 MP: 5/11
  3050 | D:4      | Identified the +6 ring mail of Mezcal {Regen+ Str-4 Stlth+}
  3096 | D:4      | Found a one-way gate to the infinite horrors of the Abyss.
  3096 | D:4      | Found a corrupted altar of Lugonu.
  3568 | D:5      | Entered Level 5 of the Dungeon
  3603 | D:5      | Found Migoqofo's Antique Weapon Boutique.
  3637 | D:5      | Found Uladdoci's Antique Weapon Emporium.
  3680 | D:5      | Noticed an orc warrior
  3690 | D:5      | Killed an orc warrior
  3705 | D:5      | Reached skill level 6 in Necromancy
  3705 | D:5      | Reached XP level 6. HP: 5/41 MP: 0/13
  3852 | D:5      | Found a sparkling altar of Nemelex Xobeh.
  3964 | D:5      | Noticed a troll
  3975 | D:5      | Learned a level 3 spell: Vampiric Draining
  3990 | D:5      | HP: 1/41 [troll (16)]
  3991 | D:5      | Mangled by a troll

Illustrated notes

Levels and vault maps discovered:
D:1:      roderic_dead_forest, layout_basic, minmay_misc_feat_pillars,
          dk_noncrumbling_3, wander_ebering_terrifying_dragon_lair
D:2:      layout_loops_ring, serial_shops, nicolae_shop_tiny_glass, basic_altar,
          minmay_distorted
D:3:      layout_loops_ring, nicolae_elyvilon_peaceful_grove,
          basic_ecumenical_altar, serial_shops, shop, uniq_jessica
D:4:      layout_loops_ring, serial_aquarium, aquarium_bridge_square
          [aquarium_subvault_wall, aquarium_subvault_wall,
          aquarium_subvault_balcony, aquarium_subvault_bridge],
          aquarium_window_1, aquarium_window_fake, aquarium_view_2g,
          aquarium_view_2a, aquarium_balcony_3a, aquarium_pool_corner,
          amcnicky_altar_lugonu_corruption
D:5:      layout_gridville, jmf_multi_god_temple, serial_shops, shop,
          nicolae_shop_just_a_little_nook, shop, enter_ossuary_4

Skill      XL: |  1  2  3  4  5 |
---------------+----------------+-----
Spellcasting   | 3 4 |  4.7
Dodging        | 2 3 |  3.0
Necromancy     | 5 6 |  6.0
Stealth        | |  1.5

Action                     |  1- 3 |  4- 6 || total
---------------------------+-------+-------++-------
  Melee: Dagger            |    48 |    11 ||    59
         Punch             |     1 |       ||     1
   Cast: Necrotise         |    47 |    41 ||    88
         Vampiric Draining |       |     3 ||     3
   Stab: Sleeping          |     5 |       ||     5
 Armour: Robe              |    11 |     6 ||    17
  Dodge: Dodged            |    42 |    22 ||    64
